 Dungeon Crawl Stone Soup version 0.30-b1-5-g8e6c1be481 (webtiles) character file.

Game seed: 16281793348918280762

473 Mysteryquy the Chopper (level 6, -12/53 (56) HPs)
             Began as a Minotaur Berserker on May 3, 2023.
             Was a Believer of Trog.
             Killed by divine providence
             ... invoked by an orc priest
              (14 damage)
             ... on level 4 of the Dungeon on May 4, 2023.
             The game lasted 00:05:10 (2800 turns).

Mysteryquy the Chopper (Minotaur Berserker)         Turns: 2800, Time: 00:05:11

HP:   -12/53 (56)   AC: 20    Str: 23    XL:     6   Next: 84%
MP:   5/5           EV:  7    Int:  4    God:    Trog [**....]
Gold: 265           SH:  0    Dex: 10    Spells: 5/5 levels left

rFire   . . .        a - +0 hand axe
rCold   . . .        (no shield)
rNeg    . . .        l - +7 plate armour {ponderous}
rPois   .            (helmet restricted)
rElec   .            o - scarf {harm}
rCorr   .            p - +0 pair of gloves
SInv    .            (no boots)
Will    .....        (no amulet) Stlth
                     (no ring)
HPRegen 0.28/turn    (no ring)
MPRegen 0.09/turn

%: harm (+30% outgoing, +20% incoming)
@: drained, slow
A: horns 2, retaliatory headbutt
a: Renounce Religion, Berserk, Trog's Hand


You were on level 4 of the Dungeon.
You worshipped Trog.
Trog was pleased with you.
You visited 1 branch of the dungeon, and saw 4 of its levels.

You collected 265 gold pieces.

Inventory:

Hand Weapons
 a - a +0 hand axe (weapon)
Armour
 b - a +0 animal skin
 f - a +0 cloak
 l - a +7 plate armour of ponderousness (worn)
 o - a scarf of harm (worn)
 p - a +0 pair of gloves (worn)
Jewellery
 t - a +6 ring of dexterity
Scrolls
 d - a scroll of poison {unknown}
 h - a scroll of noise {unknown}
 i - a scroll of immolation {unknown}
 k - 3 scrolls of teleportation {unknown}
 n - a scroll of identify {unknown}
Potions
 c - 2 potions of haste {unknown}
 e - 2 potions of brilliance {unknown}
 g - 2 potions of magic {unknown}
 j - 2 potions of curing {unknown}
 m - a potion of cancellation {unknown}
 q - 3 potions of flight {unknown}
 r - a potion of mutation {unknown}
 s - a potion of attraction {unknown}
 u - a potion of invisibility {unknown}


   Skills:
 + Level 5.1 Fighting
 + Level 7.0 Axes
 + Level 4.6 Armour
 + Level 2.9 Dodging
 + Level 1.0 Stealth


You had 5 spell levels left.
You didn't know any spells.
Your spell library was empty.

Dungeon Overview and Level Annotations

Branches:
Dungeon (4/15)
 Temple: D:4-7

Altars:
Kikubaaqudgha
Trog
Zin


Innate Abilities, Weirdness & Mutations

You have a pair of horns on your head.
You reflexively headbutt those who attack you in melee.


Message History

The orc priest calls upon Beogh to heal the orc.
The orc's wounds heal themselves!
The orc barely misses you.
You slash the orc!
You kill the orc!
Trog accepts your kill.
The orc priest hits you but does no damage.
The orc priest completely misses you.
Items here: ))) [[ †.
You hit the orc priest but do no damage.
The orc priest calls down the wrath of Beogh upon you.
Beogh smites you!
You hit the orc priest. Your headbutt misses the orc priest.
The orc priest is moderately wounded.
The orc priest hits you but does no damage.
You barely miss the orc priest.
The orc priest is moderately wounded.
The orc priest mumbles some strange prayers to Beogh against you.
Beogh smites you!
The orc priest hits you but does no damage.
You barely miss the orc priest.
The orc priest is moderately wounded.
The orc priest hits you but does no damage.
You slash the orc priest!
The orc priest is almost dead.
The orc priest hits you with a +0 war axe!
* * * LOW HITPOINT WARNING * * *
The orc priest hits you but does no damage.
You hit the orc priest but do no damage.
The orc priest is almost dead.
You closely miss the orc priest.
The orc priest hits you with a +0 war axe!
* * * LOW HITPOINT WARNING * * *
The orc priest miscasts a cantrip.
You hit the orc priest. You headbutt the orc priest.
You kill the orc priest!
Trog accepts your kill.
You closely miss the orc priest.
The orc priest invokes the aid of Beogh against you.
Beogh smites you!
You die...

#### #....
......####
#.....o@)#
#.....##)#
#.... #.#
#### #.# #.#
#########
#.#
#.[..>..#
#.#
####.......#
#.#
..##.......#
#.#


You could see an orc priest.

Vanquished Creatures
  Eustachio (D:4)
  A steam dragon (D:4)
  An ogre (D:4)
  An orc priest (D:4)
  A hound (D:4)
  3 adders
  An ufetubus (D:4)
  A worm (D:2)
  2 dart slugs (D:1)
  3 orcs (D:4)
  6 endoplasms
  3 giant cockroaches
  5 goblins
  8 hobgoblins
  4 jackals (D:3)
  A quokka (D:1)
  8 ball pythons
  4 bats
  4 frilled lizards
  6 kobolds
  8 rats
72 creatures vanquished.

Vanquished Creatures (others)
  A human (D:3)
  2 fungi (D:1)
3 creatures vanquished.

Grand Total: 75 creatures vanquished

Notes
Turn   | Place    | Note
-------+----------+-------------------------------------------
     0 | D:1      | Mysteryquy the Minotaur Berserker began the quest for the
                  | Orb.
     0 | D:1      | Reached XP level 1. HP: 19/19 MP: 0/0
   128 | D:1      | You fall into a shaft and drop 1 floor!
   211 | D:2      | Reached skill level 4 in Axes
   211 | D:2      | Reached XP level 2. HP: 27/27 MP: 1/1
   222 | D:2      | Found a glowing silver altar of Zin.
   818 | D:1      | Upgraded the game from 0.30-b1-2-g02819fbbbe to
                  | 0.30-b1-5-g8e6c1be481
  1067 | D:2      | Reached ** piety under Trog
  1068 | D:2      | Reached XP level 3. HP: 33/33 MP: 2/2
  1916 | D:3      | Reached XP level 4. HP: 40/40 MP: 3/3
  2016 | D:3      | Found an ancient bone altar of Kikubaaqudgha.
  2018 | D:3      | Noticed a human
  2019 | D:3      | Killed a human
  2331 | D:4      | Reached skill level 5 in Axes
  2346 | D:4      | Found a bloodstained altar of Trog.
  2364 | D:4      | Noticed Eustachio
  2382 | D:4      | Noticed an ogre
  2385 | D:4      | Killed Eustachio
  2386 | D:4      | Reached skill level 6 in Axes
  2386 | D:4      | Reached skill level 1 in Stealth
  2386 | D:4      | Reached XP level 5. HP: 41/47 MP: 4/4
  2391 | D:4      | Killed an ogre
  2392 | D:4      | Reached XP level 6. HP: 13/55 MP: 5/5
  2666 | D:4      | Noticed a steam dragon
  2671 | D:4      | Killed a steam dragon
  2672 | D:4      | Reached skill level 5 in Fighting
  2675 | D:4      | Reached skill level 7 in Axes
  2799 | D:4      | HP: 2/53 [orc priest/+0 war axe (9)]
  2800 | D:4      | Killed from afar by an orc priest

Illustrated notes

Levels and vault maps discovered:
D:1:      dpeg_cavernosity, layout_basic
D:2:      layout_basic, basic_altar
D:3:      layout_rooms, tgw_kikubaaqudgha, serial_bayou_lagoon_a
D:4:      layout_loops_cross, trog_three_pillars_becter, uniq_eustachio

Skill      XL: |  1  2  3  4  5  6 |
---------------+-------------------+-----
Axes           | 4 6 7 |  7.0
Fighting       | 4 5 |  5.1
Armour         | 3 4 |  4.6
Stealth        | 1 |  1.0
Dodging        | |  2.9

Action                     |  1- 3 |  4- 6 || total
---------------------------+-------+-------++-------
  Melee: Hand axe          |   112 |    67 ||   179
         Headbutt          |    13 |    10 ||    23
         Punch             |       |     1 ||     1
 Invoke: Berserk           |       |     1 ||     1
   Stab: Sleeping          |     1 |       ||     1
 Armour: Animal skin       |     8 |       ||     8
         Plate armour      |    40 |    56 ||    96
  Dodge: Dodged            |    47 |    23 ||    70
